 Dungeon Crawl Stone Soup version 0.28-a0-312-gbced6e68ee (webtiles) character file.

Game seed: 12152936403909348374

401 theanonym the Cudgeller (level 6, 0/50 HPs)
             Began as a Mummy Cinder Acolyte on Aug 30, 2021.
             Was a High Priest of Ignis.
             Slain by a black bear (11 damage)
             ... on level 4 of the Dungeon.
             The game lasted 00:06:14 (5131 turns).

theanonym the Cudgeller (Mummy Cinder Acolyte)      Turns: 5131, Time: 00:06:15

Health: 0/50       AC:  9    Str: 24    XL:     6   Next: 54%
Magic:  8/8        EV:  9    Int: 13    God:    Ignis [*****.]
Gold:   498        SH:  0    Dex:  7    Spells: 6/7 levels left

rFire   . . .      SeeInvis .   a - +2 flail (pain)
rCold   + . .      Faith    .   (no shield)
rNeg    + + +      Spirit   .   h - +0 scale mail
rPois   ∞          Reflect  .   (no helmet)
rElec   .          Harm     .   b - +2 cloak "Gamof" {Str+4}
rCorr   .          Rampage  .   (no gloves)
Will    .....                   (no boots)
Stlth   ..........              (no amulet)
HPRegen 0.16/turn               (no ring)
MPRegen 0.11/turn               (no ring)

@: no status effects
A: cold resistance 1, negative energy resistance 3, torment resistance 2, heat
vulnerability 1, no potions
a: Renounce Religion, Sea of Fire, Foxfire Swarm, Rising Flame


Innate Abilities, Weirdness & Mutations

You are immune to poison.
Your flesh is cold resistant. (rC+)
You are immune to negative energy. (rN+++)
You are immune to unholy pain and torment.
You are vulnerable to heat. (rF-)
You do not drink.


   Skills:
 + Level 4.8 Fighting
 * Level 5.3 Maces & Flails
 - Level 1.3 Spellcasting
 - Level 0.7 Fire Magic


You had 6 spell levels left.
You knew the following spells:

 Your Spells              Type           Power      Damage    Failure   Level
a - Foxfire               Conj/Fire      4%         2x1d4     52%         1

Your spell library contained the following spells:

 Spells                   Type           Power      Damage    Failure   Level
 Conjure Flame            Conj/Fire      1%         6-21      88%         3
 Inner Flame              Hex/Fire       1%         N/A       88%         3

Skill      XL: |  1  2  3  4  5  6 |
---------------+-------------------+-----
Maces & Flails | 3 4 5 |  5.3
Fighting       | 4 |  4.8
Spellcasting   | |  1.3
Fire Magic     | |  0.7

Action                   |  1- 3 |  4- 6 || total
-------------------------+-------+-------++-------
Melee: Mace              |   135 |       ||   135
       Flail             |    11 |   183 ||   194
 Cast: Foxfire           |       |     1 ||     1
  Use: Scroll            |     5 |     3 ||     8
 Stab: Sleeping          |     1 |       ||     1
Armor: Robe              |    11 |       ||    11
       Ring mail         |    16 |       ||    16
       Scale mail        |    21 |   107 ||   128
Dodge: Dodged            |   112 |   111 ||   223

Inventory:

Hand Weapons
 a - a +2 flail of pain (weapon)
Missiles
 e - 16 poisoned darts
Armour
 b - the +2 cloak "Gamof" (worn) {Str+4}

   Str:       It affects your strength (+4).
 h - a +0 scale mail (worn)
Scrolls
 c - a scroll of fear
 d - a scroll of teleportation {unknown}
 f - a scroll of fog
 g - a scroll of amnesia
 i - a scroll of torment
 j - 2 scrolls of holy word {unknown}
 y - 2 scrolls of magic mapping


You were on level 4 of the Dungeon.
You worshipped Ignis.
Ignis was extremely pleased with you.
You visited 1 branch of the dungeon, and saw 4 of its levels.
You also visited: Sewer.

You collected 746 gold pieces.
You spent 248 gold pieces at shops.

Dungeon Overview and Level Annotations

Branches:
Dungeon (4/15)              Sewer (visited)
 Temple: D:4-7

Altars:
Nemelex Xobeh

Shops:
D:1

( ##### #...#
#.#.# #.#.#
#.#.#
######.#.#
#.##...##.#.#
#...h#....#.#
#@##..#.#
#.?h#....#
#...#...## .
#.#.#...#
#.##.##.#.#
..........#
##.(....##
##.....#
#####.#


You could see a black bear (berserk) and a howler monkey (catching breath).

Notes
Turn   | Place    | Note
-------+----------+-------------------------------------------
     0 | D:1      | theanonym the Mummy Cinder Acolyte began the quest for the
                  | Orb.
     0 | D:1      | Reached XP level 1. HP: 18/18 MP: 2/2
    47 | D:1      | Found Nutuo's Weapon Shoppe.
   277 | D:1      | Reached XP level 2. HP: 24/24 MP: 4/4
   474 | D:1      | HP: 12/24 [quokka (1)]
   720 | D:1      | Reached skill level 3 in Maces & Flails
  1435 | D:2      | Reached XP level 3. HP: 24/29 MP: 5/5
  1688 | D:2      | Found a sparkling altar of Nemelex Xobeh.
  2160 | D:3      | Identified a scroll of acquirement
  2160 | D:3      | Acquired 682 gold pieces
  2191 | D:1      | Bought a +2 flail of pain for 248 gold pieces
  2255 | D:3      | Found a glowing drain.
  2274 | D:3      | HP: 7/30 [worm (9)]
  2278 | D:3      | HP: 3/30 [worm (4)]
  2281 | D:3      | Reached XP level 4. HP: 4/37 MP: 6/6
  2443 | Sewer    | Entered a sewer
  2677 | Sewer    | Acquired the +2 cloak "Gamof" {Str+4}
  2749 | Sewer    | HP: 15/37 [river rat (8)]
  2954 | Sewer    | HP: 16/37 [kobold (5)]
  2956 | Sewer    | Reached skill level 4 in Maces & Flails
  3232 | Sewer    | Reached skill level 4 in Fighting
  3305 | Sewer    | Reached XP level 5. HP: 29/42 MP: 7/7
  3728 | Sewer    | HP: 18/43 [kobold brigand (7)]
  3732 | Sewer    | Reached XP level 6. HP: 14/49 MP: 8/8
  3737 | Sewer    | Reached skill level 5 in Maces & Flails
  4552 | D:3      | Found a faded altar of an unknown god.
  5129 | D:4      | HP: 25/50 [black bear (8)]
  5130 | D:4      | HP: 11/50 [black bear (5)]
  5131 | D:4      | Slain by a black bear

Vanquished Creatures
  2 kobold brigands (Sewer)
  A scorpion zombie (D:3)
  An iguana (D:3)
  9 river rats (Sewer)
  2 adders
  2 worms
  3 dart slugs
  4 orcs (D:3)
  3 bats
  10 endoplasms
  4 giant cockroaches
  5 goblins
  2 hobgoblins (D:2)
  21 kobolds
  3 quokkas
  16 ball pythons
  2 frilled lizards
  21 rats
111 creatures vanquished.

Vanquished Creatures (others)
  2 foxfires (D:3)
2 creatures vanquished.

Grand Total: 113 creatures vanquished

Table legend: (Time is in decaauts)
 A = Elapsed time spent in this place.
 B = Non-inter-level travel time spent in this place.
 C = Inter-level travel time spent in this place.
 D = Time resting spent in this place.
 E = Time spent auto-exploring this place.
 F = Levels seen in this place.
 G = Mean time per level.
                   A        B        C        D        E       F      G
               +--------+--------+--------+--------+--------+-----+--------+
         Total |   5219 |   5035 |    184 |   1945 |   2185 |   5 | 1043.8 |
       Dungeon |   3381 |   3197 |    184 |    886 |   1825 |   4 |  845.2 |
         Sewer |   1837 |   1837 |      0 |   1059 |    359 |   1 | 1837.0 |
               +--------+--------+--------+--------+--------+-----+--------+

Top non-repeatable levels by time:
   Sewer: 1837 daAuts
     D:1: 1483 daAuts
     D:3: 1087 daAuts
     D:2: 760 daAuts
     D:4: 50 daAuts
